[Event "*** SCC Grand Prix: Titled Tuesday Blitz"]
[Site "Chess.com"]
[Date "2020.08.11"]
[Round "3"]
[White "Eternauta2400"]
[Black "IMTominho"]
[Result "0-1"]
[WhiteElo "2509"]
[BlackElo "2764"]
[TimeControl "180+1"]
[EndTime "10:29:49 PDT"]
[Termination "IMTominho won by resignation"]

1. e4 c5 2. Nf3 e6 3. d4 cxd4 4. Nxd4 Nf6 5. Nc3 d6 6. Be3 Bd7 7. f3 Nc6 8. Qd2 Be7 9. g4 O-O 10. g5 Nh5 11. h4 a6 12. Bh3 b5 13. Bg4 g6 14. O-O-O Ne5 15. Bxh5 gxh5 16. f4 Ng4 17. f5 Re8 18. g6 hxg6 19. fxg6 fxg6 20. Bg5 Bxg5 21.
hxg5 b4 22. Nb1 e5 23. Nf3 Bc6 24. Qxb4 Re6 25. Qc4 Qd7 26. Nbd2 Ne3 27. Qb3 Nxd1 28. Rxd1 Re8 29. Nc4 Kh7 30. Nfxe5 Rxe5 31. Nxe5 Rxe5 32. Rf1 Re7 33. Rf8 d5 34. Qb8 Re8 35. Qf4 Rxf8 36.
Qxf8 dxe4 37. Qf4 Qe7 38. Kd2 Bd7 39. Ke3 Bf5 40. c3 Kg7 41. Qxf5 gxf5 0-1

[Event "*** SCC Grand Prix: Titled Tuesday Blitz"]
[Site "Chess.com"]
[Date "2020.08.11"]
[Round "3"]
[White "floplover"]
[Black "CrushingKings"]
[Result "1-0"]
[WhiteElo "2309"]
[BlackElo "2506"]
[TimeControl "180+1"]
[EndTime "10:29:49 PDT"]
[Termination "floplover won by checkmate"]

1. d4 Nf6 2. c4 e6 3. Nc3 Bb4 4. Qc2 O-O 5. e4 d5 6. e5 Ne4 7. Bd3 c5 8. Nf3 cxd4 9. Nxd4 Nd7 10. Bf4 Qh4 11. g3 Qh5 12. O-O Bxc3 13. bxc3 Ndc5 14.
Be2 Qg6 15. f3 Ng5 16. Qxg6 Nh3+ 17. Kh1 hxg6 18. Be3 f6 19. Kg2 Ng5 20. Bxg5 fxg5 21. Rab1 b6 22. cxd5 exd5 23. Rfd1 Bd7 24. Bb5 Rae8 25.
Bxd7 Nxd7 26. e6 Nc5 27. Re1 Rf6 28. Re5 Nxe6 29. Rbe1 Kf7 30. Rxd5 Nf4+ 31. gxf4 Rxe1 32. fxg5 Rfe6 33. Nxe6 Kxe6 34. Rd2 Kf5 35. h4 Rc1 36. Rd7 Rc2+ 37. Kg3 Rxa2 38. Rxg7 a5 39. Rf7+ Ke5 40. Rf6 Rb2 41. Rxg6 a4 42. Rg8 a3 43. Ra8 a2 44.
Kg4 Kd5 45. g6 Kc4 46. h5 Kxc3 47. h6 Rg2+ 48. Kf5 b5 49. g7 b4 50. Rxa2 Rxa2 51. g8=Q b3 52. Qc8+ Kb2 53. h7 Kb1 54.
h8=Q Rc2 55. Qh1+ Kb2 56. Qa6 Kc3 57. Qe1+ Kd4 58. Qd6+ Kc4 59. Qeb4# 1-0

[Event "*** SCC Grand Prix: Titled Tuesday Blitz"]
[Site "Chess.com"]
[Date "2020.08.11"]
[Round "3"]
[White "Irishchessman16"]
[Black "chesslh19"]
[Result "1/2-1/2"]
[WhiteElo "2358"]
[BlackElo "2177"]
[TimeControl "180+1"]
[EndTime "10:29:49 PDT"]
[Termination "Game drawn by repetition"]

1. e4 c5 2. Nf3 d6 3. d4 cxd4 4.
Nxd4 Nf6 5. Nc3 e6 6. Be2 a6 7.
Be3 Be7 8. g4 h6 9. h4 Nc6 10.
Rg1 d5 11. g5 hxg5 12. hxg5 Nxe4 13. Nxe4 dxe4 14. Nxc6 bxc6 15. Qxd8+ Bxd8 16. O-O-O a5 17. Rg4 Ba6 18. Bxa6 Rxa6 19. Rxe4 Bb6 20. Bxb6 Rxb6 21. g6 c5 22. gxf7+ Kxf7 23. Rd7+ Kf6 24. b3 Rh2 25.
Rf4+ Ke5 26. Rff7 g5 27. Rd3 Rb4 28. Rg3 Rf4 29. Rxg5+ Rf5 30. Rgxf5+ exf5 31. Rc7 Kd4 32. Rd7+ Kc3 33. Rd3+ Kb4 34. Rf3 Rh5 35. Kb2 Kb5 36.
a4+ Kc6 37. Kc3 Rg5 38. Rf4 Rh5 39. Rf3 Rg5 40. Rh3 Rg2 41. Rf3 Rg5 1/2-1/2

[Event "*** SCC Grand Prix: Titled Tuesday Blitz"]
[Site "Chess.com"]
[Date "2020.08.11"]
[Round "3"]
[White "creativity"]
[Black "poppy73"]
[Result "1-0"]
[WhiteElo "1989"]
[BlackElo "2255"]
[TimeControl "180+1"]
[EndTime "10:29:49 PDT"]
[Termination "creativity won by resignation"]

1. d4 Nf6 2. c4 g6 3. Nc3 Bg7 4. e4 d6 5. Nf3 O-O 6. Be2 e5 7. O-O Nc6 8. d5 Ne7 9. Ne1 Nd7 10. Be3 f5 11. f3 f4 12. Bf2 g5 13. g4 fxg3 14. hxg3 Ng6 15. Qd2 h5 16. Be3 Bf6 17. Ng2 h4 18. gxh4 gxh4 19. Kh1 Kf7 20. Ne1 Rg8 21.
Nd3 b6 22. f4 exf4 23. Bxf4 Ke8 24. Bh5 Ke7 25. Bg5 Nge5 26. Nxe5 dxe5 27. d6+ cxd6 28.
Nd5+ Ke6 29. Bxf6 Nxf6 30. Rxf6+ Kd7 31. Rf7+ Kc6 32. Rc7+ Qxc7 33. Nxc7 Kxc7 34. Qh6 Bb7 35. Qh7+ Kc6 36. b4 b5 37. Bf7 Rh8 38. Bd5+ 1-0

[Event "*** SCC Grand Prix: Titled Tuesday Blitz"]
[Site "Chess.com"]
[Date "2020.08.11"]
[Round "3"]
[White "chargemax23"]
[Black "Durarbayli"]
[Result "0-1"]
[WhiteElo "2644"]
[BlackElo "2862"]
[TimeControl "180+1"]
[EndTime "10:29:50 PDT"]
[Termination "Durarbayli won by resignation"]

1. c4 Nf6 2. Nc3 c5 3. Nf3 b6 4. e4 d6 5. d4 cxd4 6. Nxd4 Bb7 7. f3 e6 8. Be3 a6 9. Qd2 Be7 10.
Be2 Qc7 11. O-O O-O 12. Rfd1 Nbd7 13. Rac1 Rac8 14. Bf1 Qb8 15. Kh1 Rfe8 16. Qf2 Bd8 17. b4 Ne5 18. Na4 Ba8 19. Nb3 Nfd7 20. h3 h6 21. a3 Nxc4 22. Bxc4 b5 23. Nb2 bxc4 24. Nxc4 d5 25. Nca5 Rxc1 26. Bxc1 Nf6 27. exd5 Bxd5 28. Be3 Nh5 29. Kg1 Bc7 30. Qh4 Ng3 31. Nc5 Nf5 32. Qe1 Rd8 33. Bf2 h5 34. Nxa6 Bh2+ 35. Kh1 Qf4 36. Nc5 Bg3 37. Nc6 Bxf2 38. Qxf2 Ng3+ 39. Kg1 Re8 40. Nd4 h4 41. Nd3 Qb8 42. f4 Rd8 43. Ne5 Qa8 44. f5 f6 45. fxe6 fxe5 46. Qf7+ Kh7 47. e7 Bxf7 0-1

[Event "*** SCC Grand Prix: Titled Tuesday Blitz"]
[Site "Chess.com"]
[Date "2020.08.11"]
[Round "3"]
[White "allvim"]
[Black "TregubovP"]
[Result "0-1"]
[WhiteElo "2383"]
[BlackElo "2597"]
[TimeControl "180+1"]
[EndTime "10:29:51 PDT"]
[Termination "TregubovP won by resignation"]

1. e4 e6 2. d4 d5 3. Nd2 c5 4.
exd5 exd5 5. Ngf3 Nc6 6. Bb5 Qe7+ 7. Qe2 Qxe2+ 8. Bxe2 Nb4 9. Bb5+ Bd7 10. Bxd7+ Kxd7 11. Kd1 f6 12. a3 Nc6 13. c3 cxd4 14. Nxd4 Nxd4 15. cxd4 Ne7 16. Nf3 Nc6 17. Bf4 g5 18.
Be3 h5 19. Kd2 Bd6 20. Rac1 Rae8 21. Kd3 Na5 22. Nd2 h4 23. h3 b5 24. Rc2 Nc4 25. Nxc4 dxc4+ 26. Kc3 Rc8 27. d5 a5 28. Kd4 Rhe8 29. Kc3 Be5+ 30. Kd2 Bxb2 31. Rb1 b4 32. axb4 axb4 33. Kd1 c3 34. Rcxb2 cxb2 35. Rxb2 Re4 36. Kd2 Kd6 37. Kd3 Kxd5 38. Ra2 Rc3+ 39. Kd2 Rec4 40. Ra5+ Ke6 41. Rb5 b3 42. Rb6+ Rc6 43.
Rb8 Rc2+ 44. Kd3 Rd6+ 45. Ke4 f5+ 46. Kf3 Rd3 47. Rb6+ Kf7 48. g3 hxg3 49. fxg3 Rcc3 0-1

[Event "*** SCC Grand Prix: Titled Tuesday Blitz"]
[Site "Chess.com"]
[Date "2020.08.11"]
[Round "3"]
[White "bazar-wokzal"]
[Black "Politov_Pavel"]
[Result "1-0"]
[WhiteElo "2467"]
[BlackElo "2070"]
[TimeControl "180+1"]
[EndTime "10:29:51 PDT"]
[Termination "bazar-wokzal won by resignation"]

1. e4 c5 2. c3 e6 3. d4 d5 4. e5 Qb6 5. Nf3 Bd7 6. a3 a5 7. c4 dxc4 8. d5 exd5 9. Qxd5 Be6 10. Qe4 Qc6 11. Nc3 Qxe4+ 12. Nxe4 Nc6 13. Be3 b6 14. Rc1 Be7 15. Bxc4 Bxc4 16. Rxc4 Nh6 17. Bxh6 gxh6 18. O-O Kd7 19. Ng3 Rhd8 20. Re1 b5 21. Rce4 c4 22.
Nf5 Bf8 23. Rh4 Kc7 24. Nxh6 Bxh6 25. Rxh6 b4 26. Rxh7 Rd7 27. h4 a4 28. axb4 Nxb4 29.
Re4 Kb6 30. Rxc4 Kb5 31. Rf4 Rd1+ 32. Kh2 Rb1 33. Rhxf7 Rxb2 34. Rb7+ Kc5 35. Ne1 Rb3 36. Rbxb4 Rxb4 37. Nd3+ Kd5 38. Rxb4 a3 39. Rb1 a2 40. Ra1 Kc4 41. Nc1 Kc3 42. Rxa2 Rh8 43. Ne2+ Kd3 44. Nf4+ Ke4 45. g3 Kf3 46. e6 Kg4 47. e7 Re8 48.
Re2 1-0

[Event "*** SCC Grand Prix: Titled Tuesday Blitz"]
[Site "Chess.com"]
[Date "2020.08.11"]
[Round "3"]
[White "renehp"]
[Black "Pashinskiy_Mikhail"]
[Result "1-0"]
[WhiteElo "2444"]
[BlackElo "2260"]
[TimeControl "180+1"]
[EndTime "10:29:53 PDT"]
[Termination "renehp won on time"]

1. e4 c5 2. Nf3 Nc6 3. d4 cxd4 4.
Nxd4 e5 5. Nb5 a6 6. Nd6+ Bxd6 7.
Qxd6 Qe7 8. Qd1 Nf6 9. Nc3 d6 10. Bg5 Be6 11. Be2 O-O 12. O-O Rac8 13. f4 exf4 14.
Rxf4 Ne5 15. Bxf6 gxf6 16. Qd2 b5 17. a3 Qa7+ 18. Kh1 Nd7 19. Rh4 Rfe8 20. Qxd6 Qf2 21.
Rf4 Qe3 22. Rf3 Qc5 23. Qd2 Kh8 24. Raf1 Qg5 25. Qe1 Rc5 26. Rg3 Qh6 27. Bf3 Ne5 28.
Qf2 Rec8 29. Bd1 Nd7 30. Ne2 Rg5 31. Rxg5 fxg5 32. Nd4 Qg7 33. c3 Ne5 34. Qg3 h6 35. Nxe6 fxe6 36. Bb3 Nc4 37. Bxc4 bxc4 38. h3 Rd8 39.
Qg4 Qe5 40. Qh5 Qg7 41. e5 Kg8 42. Rf6 1-0

[Event "*** SCC Grand Prix: Titled Tuesday Blitz"]
[Site "Chess.com"]
[Date "2020.08.11"]
[Round "3"]
[White "Roza_Idrisova"]
[Black "Love_craft"]
[Result "0-1"]
[WhiteElo "2225"]
[BlackElo "2586"]
[TimeControl "180+1"]
[EndTime "10:29:53 PDT"]
[Termination "Love_craft won on time"]

1. d4 Nf6 2. Nf3 g6 3. c4 Bg7 4. Nc3 O-O 5. e4 d6 6. Be2 Nbd7 7. O-O e5 8. Qc2 c6 9. Rd1 Qe7 10. d5 c5 11. h3 Ne8 12. a3 h6 13. b4 b6 14. Be3 f5 15. bxc5 bxc5 16. Rab1 f4 17. Bd2 g5 18. Nh2 Ndf6 19. Qa4 Bd7 20. Qa6 h5 21. Rb7 Rf7 22. Rxa7 Rxa7 23. Qxa7 g4 24.
hxg4 hxg4 25. Rb1 g3 26. Nf3 Ng4 27. fxg3 fxg3 28. Rb7 Bh6 29. Bxh6 Nxh6 30. Nb5 Ng4 31. Qa5 Qf8 32. Qd2 Bxb5 33. Rxf7 Qxf7 34. Qg5+ Ng7 35. Qxg4 Ba4 36. Qxg3 Bc2 37. Ng5 Qg6 38. Kf2 Bxe4 0-1

[Event "*** SCC Grand Prix: Titled Tuesday Blitz"]
[Site "Chess.com"]
[Date "2020.08.11"]
[Round "3"]
[White "Arman_Hakemi"]
[Black "Barmen_EV"]
[Result "0-1"]
[WhiteElo "2580"]
[BlackElo "2412"]
[TimeControl "180+1"]
[EndTime "10:29:54 PDT"]
[Termination "Barmen_EV won by checkmate"]

1. Nf3 d5 2. b3 c5 3. e3 Nc6 4. Bb2 a6 5. d4 cxd4 6. Nxd4 Nf6 7. Be2 e6 8. O-O Bd6 9. Nd2 O-O 10. c4 e5 11. Nxc6 bxc6 12. Rc1 Re8 13. cxd5 cxd5 14. Rc2 Bf5 15. Rc6 Qd7 16. Rc1 Rad8 17. Nf3 h6 18.
Bxa6 Ra8 19. Qe2 Qe7 20. Bb5 Reb8 21. a4 Bg4 22. h3 Bh5 23. Qc2 Bxf3 24. gxf3 e4 25.
f4 Nh5 26. Qe2 g6 27. Kh1 Kh7 28. Rg1 f5 29. Ba1 Qh4 30. Rg2 g5 31. Rc6 Bxf4 32. exf4 Nxf4 33. Rc7+ Kg8 34. Qb2 Qxh3+ 35. Rh2 Qf3+ 36. Kg1 Qg4+ 37. Kh1 Qd1+ 38. Bf1 Qxf1# 0-1

[Event "*** SCC Grand Prix: Titled Tuesday Blitz"]
[Site "Chess.com"]
[Date "2020.08.11"]
[Round "3"]
[White "KuzubovYuriy"]
[Black "ulises2013"]
[Result "1-0"]
[WhiteElo "2835"]
[BlackElo "2621"]
[TimeControl "180+1"]
[EndTime "10:29:55 PDT"]
[Termination "KuzubovYuriy won by resignation"]

1. d4 g6 2. e4 Bg7 3. Nf3 c5 4.
d5 d6 5. Bb5+ Bd7 6. a4 Nf6 7.
Nc3 O-O 8. O-O e6 9. Bf4 e5 10. Bd2 h6 11. Rb1 Kh7 12. b4 Bxb5 13. axb5 Nbd7 14. Re1 Qc7 15. Na4 Rfc8 16. bxc5 Nxc5 17.
b6 Qe7 18. Nxc5 Rxc5 19. bxa7 Rxa7 20. Rb4 Ra2 21. c3 Rc7 22. Qb3 Ra8 23. Be3 Nd7 24. Rxb7 Nc5 25. Rxc7 Qxc7 26. Bxc5 Qxc5 27. h3 Bf6 28. Rb1 Ra3 29. Qb7 Kg7 30. Qd7 Ra7 31. Qc6 Rc7 32. Qxc5 Rxc5 33. Rb3 Bd8 34. Kf1 Ba5 35.
Ke2 Rxc3 36. Rxc3 Bxc3 37. Kd3 Bb4 38. Nd2 Kf6 39. Nc4 Ke7 40. Kc2 Bc5 41. f3 f5 42.
Kd3 f4 43. Na5 Kf6 44. Nb7 Ba3 45. Kc4 Ke7 46. Kb5 Kd7 47. Kb6 Bb4 48. Na5 Bc5+ 49. Kb7 Bb4 50. Nc4 Bc5 51. Nb6+ Kd8 52. Kc6 Bb4 53.
Nc4 Ke7 54. Kc7 g5 55. Kc8 Ba5 56. Nxa5 1-0

[Event "*** SCC Grand Prix: Titled Tuesday Blitz"]
[Site "Chess.com"]
[Date "2020.08.11"]
[Round "3"]
[White "PavlovDanila"]
[Black "rududuyk"]
[Result "1-0"]
[WhiteElo "2675"]
[BlackElo "2121"]
[TimeControl "180+1"]
[EndTime "10:29:55 PDT"]
[Termination "PavlovDanila won on time"]

1. e4 e6 2. d4 d5 3. Nc3 Nf6 4. Bg5 dxe4 5. Nxe4 Be7 6. Nxf6+ Bxf6 7. Bxf6 Qxf6 8. Nf3 O-O 9. Bd3 c5 10. c3 Rd8 11.
Qe2 Nc6 12. dxc5 Rd5 13. Be4 Rxc5 14. Rd1 e5 15. Qe3 Ra5 16. O-O Be6 17. a3 h5 18. Rd6 Rd8 19. Rfd1 Rxd6 20. Rxd6 Qe7 21. Rd2 Qc5 22. Qe1 Qb6 23. Qd1 Bb3 24. Qe2 Be6 25.
Ng5 Bg4 26. Qc4 Qc7 27. h3 Bc8 28. Rd8+ Qxd8 29. Qxf7+ Kh8 30. Qxh5+ Kg8 31. Qh7+ Kf8 32. Qh8+ Ke7 33. Qxg7+ Kd6 34. Nf7+ Kc7 35. Nxd8+ Kxd8 36. Qf6+ Kc7 37. h4 Rb5 38. b4 Rb6 39. c4 a6 40.
c5 Rb5 41. Bd3 Bd7 42. Bxb5 axb5 43. h5 e4 44. h6 1-0

[Event "*** SCC Grand Prix: Titled Tuesday Blitz"]
[Site "Chess.com"]
[Date "2020.08.11"]
[Round "3"]
[White "Khazieva_Elza"]
[Black "VladimirBelous"]
[Result "0-1"]
[WhiteElo "2328"]
[BlackElo "2732"]
[TimeControl "180+1"]
[EndTime "10:29:56 PDT"]
[Termination "VladimirBelous won on time"]

1. e4 c5 2. Nf3 Nc6 3. d3 Nf6 4. g3 d6 5. Bg2 Bg4 6. Nbd2 g6 7. h3 Bd7 8. O-O Bg7 9. Re1 O-O 10. e5 dxe5 11. Nxe5 Rc8 12. Ndc4 b6 13. a4 Nxe5 14.
Nxe5 Be6 15. Qe2 Bd5 16. Bd2 e6 17. h4 Bxg2 18. Kxg2 Nd5 19. h5 Qc7 20. Nc4 Qc6 21. f3 Rfe8 22. Rh1 e5 23. hxg6 hxg6 24. Qe4 f5 25. Qh4 Kf8 26. Bh6 Rc7 27. Rae1 Qf6 28.
Qxf6+ Nxf6 29. Nxe5 Kg8 30. Bxg7 Kxg7 31. Nc4 Rce7 32.
Rxe7+ Rxe7 33. Kf2 Nd5 34. Re1 Rd7 35. Ne5 Rc7 36.
c3 f4 37. g4 Kf6 38. Nc4 a6 39. Re4 b5 40. Na5 g5 41. axb5 axb5 42. Nb3 Ne3 43. Re8 Rh7 44. Kg1 Rh3 45. Rf8+ Ke7 46. Nd2 Kxf8 0-1

[Event "*** SCC Grand Prix: Titled Tuesday Blitz"]
[Site "Chess.com"]
[Date "2020.08.11"]
[Round "3"]
[White "MasterKroket"]
[Black "YoreDea"]
[Result "1-0"]
[WhiteElo "2419"]
[BlackElo "2615"]
[TimeControl "180+1"]
[EndTime "10:29:56 PDT"]
[Termination "MasterKroket won on time"]

1. d4 Nf6 2. c4 e6 3. Nf3 d5 4.
Nc3 c6 5. Bg5 h6 6. Bxf6 Qxf6 7.
e3 Nd7 8. Rc1 g6 9. Bd3 Bg7 10.
O-O O-O 11. e4 dxc4 12. e5 Qe7 13. Bxc4 c5 14. Re1 cxd4 15. Qxd4 a6 16. Ne4 b5 17. Bb3 Rd8 18. Red1 Bb7 19. Rc7 Bxe4 20. Qxe4 Qe8 21. h4 Nf8 22. Rd6 Rac8 23. Rxc8 Rxc8 24. Rxa6 Rc1+ 25.
Kh2 Qb8 26. Rd6 Rc5 27. Qd4 Qc7 28. g3 Rc1 29. Qb6 Qc8 30. Rd8 Qc5 31. Qxc5 Rxc5 32. Kg2 Bxe5 33. Nxe5 Rxe5 34. Kf3 Kg7 35. Bc2 Rc5 36.
Bd3 e5 37. Rb8 Ne6 38. Ke3 Kf6 39. Rb7 Rd5 40. Rxb5 Rd6 41. a4 Nd4 42. Rb8 1-0

[Event "*** SCC Grand Prix: Titled Tuesday Blitz"]
[Site "Chess.com"]
[Date "2020.08.11"]
[Round "3"]
[White "chenxiaoyuer"]
[Black "Spriteball"]
[Result "1-0"]
[WhiteElo "2472"]
[BlackElo "2074"]
[TimeControl "180+1"]
[EndTime "10:29:56 PDT"]
[Termination "chenxiaoyuer won on time"]

1. e4 e5 2. Nf3 Nc6 3. Bb5 a6 4. Ba4 Nf6 5. d3 b5 6. Bb3 Be7 7. O-O O-O 8. Bd5 Nxd5 9. exd5 Nd4 10. Nxe5 Bd6 11. Nf3 Qf6 12. Nbd2 Bb7 13. c4 bxc4 14. dxc4 c6 15. Nxd4 Qxd4 16. dxc6 Bxc6 17. Nf3 Qf6 18. Qd4 Qg6 19. Nh4 Qe6 20. Bf4 Bb4 21. a3 Be7 22. Rfe1 Bf6 23. Rxe6 Bxd4 24. Re2 Rfe8 25. Rae1 Rxe2 26. Rxe2 f6 27. Nf5 Bc5 28. Bd6 Bxd6 29.
Nxd6 a5 30. f3 Rb8 31. Kf2 Kf8 32. Ke1 g6 33. Kd1 f5 34. Kc2 Kg7 35. Kc3 a4 36.
Kd4 Kf6 37. Kc5 Rb3 38. Nb5 Bxb5 39. cxb5 d6+ 40. Kc6 d5 41. b6 d4 42. b7 d3 43.
Rd2 Ke5 44. Rxd3 Rxb2 45. Rd5+ Ke6 46. Rb5 1-0

[Event "*** SCC Grand Prix: Titled Tuesday Blitz"]
[Site "Chess.com"]
[Date "2020.08.11"]
[Round "3"]
[White "dosto07"]
[Black "Klavdia_Nik"]
[Result "1-0"]
[WhiteElo "2304"]
[BlackElo "2057"]
[TimeControl "180+1"]
[EndTime "10:29:56 PDT"]
[Termination "dosto07 won on time"]

1. e4 e6 2. d4 d5 3. Nd2 dxe4 4. Nxe4 Bd7 5. Nf3 Bc6 6. Bd3 Nd7 7. O-O Ngf6 8. Qe2 Be7 9. Rd1 Nxe4 10. Bxe4 Bxe4 11.
Qxe4 c6 12. c4 Nf6 13. Qe2 O-O 14. Bg5 h6 15. Bh4 Qa5 16. Ne5 Rad8 17. Rd3 Rfe8 18. a3 c5 19. Rad1 cxd4 20. Rxd4 Rxd4 21. Rxd4 Rd8 22. Rxd8+ Qxd8 23. Qd3 Qxd3 24. Nxd3 g5 25. Bg3 Ne4 26. Bb8 a6 27. f3 Nd2 28. c5 Nc4 29. a4 f6 30. Kf1 Kf7 31. Ke2 Ke8 32. b4 Kd7 33. Bg3 h5 34. h4 gxh4 35. Bxh4 Kc6 36. Bf2 Bd8 37. Bd4 f5 38. Bf2 Bc7 39. Bd4 Kd5 40.
Bf2 e5 41. g3 e4 42. fxe4+ fxe4 43. Nf4+ Bxf4 44. gxf4 Nb2 45. a5 1-0

[Event "*** SCC Grand Prix: Titled Tuesday Blitz"]
[Site "Chess.com"]
[Date "2020.08.11"]
[Round "3"]
[White "martynkovaelena"]
[Black "Crazy_girl99"]
[Result "1-0"]
[WhiteElo "2248"]
[BlackElo "2491"]
[TimeControl "180+1"]
[EndTime "10:29:57 PDT"]
[Termination "martynkovaelena won by resignation"]

1. d4 d5 2. Nf3 Nf6 3. c4 e6 4.
g3 dxc4 5. Bg2 a6 6. O-O Nc6 7. e3 Rb8 8. Qe2 b5 9. b3 cxb3 10.
axb3 Bb7 11. Bb2 Be7 12. Rc1 O-O 13. Nbd2 Nb4 14. Ne5 Bxg2 15. Kxg2 Bd6 16. Ndf3 Nd7 17.
Nc6 Nxc6 18. Rxc6 Re8 19. Rcxa6 e5 20. dxe5 Nxe5 21. Nxe5 Bxe5 22. Bxe5 Rxe5 23. Qf3 h6 24. Ra8 Re8 25. Rxb8 Qxb8 26. Qc6 Kh7 27. Rc1 Re7 28. Rc5 b4 29. Rb5 Qd8 30. Rxb4 Qd2 31. Rd4 Qb2 32. Rd3 g6 33. Qc3 Qxc3 34. Rxc3 Kg7 35. f4 h5 36. Kf3 Kf6 37. e4 Rd7 38. e5+ Ke7 39. Ke4 Kd8 40. h4 Kc8 41. f5 Rd1 42. fxg6 fxg6 43. Kf4 Rd4+ 44. Kg5 Rd5 45. Kxg6 Kd7 46. Kxh5 Rxe5+ 47. Kg6 c5 48. h5 Kc6 49. h6 Re4 50. h7 Rg4+ 51. Kh5 1-0

[Event "*** SCC Grand Prix: Titled Tuesday Blitz"]
[Site "Chess.com"]
[Date "2020.08.11"]
[Round "3"]
[White "vladislavkovalev"]
[Black "1977Ivan"]
[Result "0-1"]
[WhiteElo "2871"]
[BlackElo "2673"]
[TimeControl "180+1"]
[EndTime "10:29:58 PDT"]
[Termination "1977Ivan won by resignation"]

1. e4 c5 2. Be2 Nc6 3. d3 d5 4. f4 e6 5. Nf3 Bd6 6. c3 Nge7 7. e5 Bc7 8. d4 Bb6 9. Be3 cxd4 10. cxd4 O-O 11. O-O f6 12. Nc3 Bd7 13. Qd2 fxe5 14. fxe5 Nf5 15. Bf2 Qe7 16. g4 Nh6 17. h3 Be8 18.
Kg2 Bg6 19. Be3 Nf7 20. Rf2 Be4 21. Raf1 Rad8 22. Kg3 Bxf3 23. Rxf3 Ncxe5 24. R3f2 Nc6 25. Kg2 Rde8 26. Bd3 Nd6 27. Bg5 Rxf2+ 28. Rxf2 Qd7 29. Ne2 Ne4 30. Bxe4 dxe4 31. Be3 Ne7 32. Qc2 Qc6 33. Nc3 Nd5 34. Nxd5 exd5 35. Qb3 Rf8 36. Rc2 Qe6 37. a4 h5 38. gxh5 Rf3 39. Kg1 Kh7 40. Rg2 Qf5 41.
h6 Rf1+ 42. Kh2 Bc7+ 43. Rg3 Rf2+ 44. Bxf2 Qxf2+ 45. Kh1 Bxg3 0-1

[Event "*** SCC Grand Prix: Titled Tuesday Blitz"]
[Site "Chess.com"]
[Date "2020.08.11"]
[Round "3"]
[White "Yoshikrov"]
[Black "diablanni"]
[Result "0-1"]
[WhiteElo "2137"]
[BlackElo "2335"]
[TimeControl "180+1"]
[EndTime "10:29:58 PDT"]
[Termination "diablanni won on time"]

1. e4 c5 2. Nf3 Nc6 3. d4 cxd4 4. Nxd4 g6 5. Nc3 Bg7 6. Be3 Nf6 7. Bc4 O-O 8. f3 Qb6 9. Bb3 Ng4 10. fxg4 Bxd4 11. Bxd4 Qxd4 12. Qxd4 Nxd4 13. O-O-O Nc6 14. h3 Rb8 15. Nd5 d6 16. Rhf1 Kg7 17. Ba4 b5 18.
Bb3 a5 19. c3 Be6 20. Kb1 Bxd5 21. Bxd5 Ne5 22. a3 h6 23. Rd4 Rfc8 24. Rfd1 Rb6 25. Bb3 Rc5 26. Rd5 Rxd5 27. Rxd5 Kf6 28. Kc2 Kg5 29.
g3 h5 30. gxh5 gxh5 31. Kd1 h4 32. gxh4+ Kxh4 33. Rd2 Kxh3 34. Rf2 f6 35. Be6+ Kg3 36. Rf5 Rb8 37. Rh5 Kf3 38. Rh7 Rb7 39. Bd5 Rc7 40. Kc2 b4 41. axb4 axb4 42. Rh3+ Kg4 43. Rh7 bxc3 44. bxc3 Ra7 45. Kb3 Kf4 46. Kb4 Nd3+ 47. Kb5 Nc5 0-1

[Event "*** SCC Grand Prix: Titled Tuesday Blitz"]
[Site "Chess.com"]
[Date "2020.08.11"]
[Round "3"]
[White "penguingm1"]
[Black "Leonid_Starozhilov"]
[Result "1-0"]
[WhiteElo "3004"]
[BlackElo "2698"]
[TimeControl "180+1"]
[EndTime "10:29:59 PDT"]
[Termination "penguingm1 won by resignation"]

1. d4 Nf6 2. c4 g6 3. f3 Bg7 4. e4 d6 5. Nc3 O-O 6. Nge2 Nc6 7. Be3 a6 8. Qd2 Na5 9. Nc1 Nd7 10. Nb3 c5 11. dxc5 Nxb3 12. axb3 dxc5 13. h4 e6 14. h5 Qc7 15. O-O-O b5 16. Bh6 Bd4 17. Ne2 Be5 18. hxg6 hxg6 19. f4 Bf6 20. Bxf8 Nxf8 21. e5 Be7 22. Qe3 f5 23. Qh3 Kf7 24.
Ng1 Bb7 25. Nf3 Qa5 26. Bd3 Rd8 27. Bb1 Rxd1+ 28. Rxd1 bxc4 29. bxc4 Qb4 30. Nd2 Bc6 31. Rg1 a5 32. g4 a4 33. gxf5 exf5 34. Qa3 Qa5 35. Bc2 Ne6 36. Qg3 Nf8 37. Qc3 Qa6 38. Nb1 Ne6 39. Qg3 Nf8 40. Na3 Bd7 41. Kb1 Be8 42.
Bxf5 gxf5 43. Qg7+ Ke6 44. Qh6+ Bg6 45. Rxg6+ 1-0

[Event "*** SCC Grand Prix: Titled Tuesday Blitz"]
[Site "Chess.com"]
[Date "2020.08.11"]
[Round "3"]
[White "Benjoneliere44"]
[Black "TokChess"]
[Result "0-1"]
[WhiteElo "2577"]
[BlackElo "2394"]
[TimeControl "180+1"]
[EndTime "10:29:59 PDT"]
[Termination "TokChess won by resignation"]

1. e4 c5 2. Nc3 Nc6 3. g3 g6 4.
Bg2 Bg7 5. d3 e6 6. Be3 Nd4 7.
Qd2 Ne7 8. Nd1 b6 9. c3 Ndc6 10. Bh6 O-O 11. h4 f6 12. Bxg7 Kxg7 13. h5 g5 14. h6+ Kh8 15. Ne3 Ng6 16. O-O-O Ba6 17. Ne2 b5 18. f4 b4 19. c4 Qe7 20. Kb1 Rg8 21. Rdf1 Raf8 22. Bf3 Bb7 23. Rf2 Qd6 24. Bh5 Nd4 25. Rhf1 Nxe2 26. Qxe2 gxf4 27. gxf4 Ne7 28.
Ng4 Qd4 29. e5 f5 30. Nf6 Rg3 31. Bf3 Bc6 32. Bxc6 Nxc6 33. Rf3 Rg6 34. Qh2 a5 35.
Rg3 a4 36. Rfg1 Ne7 37. Qg2 a3 38. b3 Rxg3 39. Nxd7 Rxg2 40. Rxg2 Qxd3+ 41. Kc1 Qxd7 42. Rd2 Rd8 43. Rxd7 Rxd7 44. Kc2 Ng6 45. Kc1 Nxf4 46. Kc2 Ng6 47. Kc1 Nxe5 48. Kc2 f4 49. Kc1 f3 0-1

[Event "*** SCC Grand Prix: Titled Tuesday Blitz"]
[Site "Chess.com"]
[Date "2020.08.11"]
[Round "3"]
[White "Roaccutane"]
[Black "FedaMaster"]
[Result "1-0"]
[WhiteElo "2602"]
[BlackElo "2394"]
[TimeControl "180+1"]
[EndTime "10:30:01 PDT"]
[Termination "Roaccutane won by checkmate"]

1. d4 f5 2. e4 Nf6 3. e5 Nd5 4. c4 Nb6 5. c5 Nd5 6. Bc4 c6 7.
Nc3 e6 8. Nge2 b6 9. Bxd5 cxd5 10. Nf4 g6 11. cxb6 Nc6 12. bxa7 Ba6 13. Be3 Qb6 14. Rb1 Be7 15. h4 Rg8 16. f3 h6 17.
a3 g5 18. hxg5 hxg5 19. Nh5 f4 20. Bf2 Rh8 21. g4 fxg3 22. Nxg3 Rxh1+ 23. Nxh1 Qxa7 24. Ng3 O-O-O 25. b4 Bc4 26. Qa4 Qb6 27. b5 Na5 28. Qc2 d6 29. Na4 Qa7 30. b6 Qa6 31. exd6 Bxd6 32.
Qc3 Kb8 33. Nc5 Bxc5 34. dxc5 d4 35. Bxd4 Nb3 36. Rxb3 Bxb3 37. Be5+ Kb7 38. Qxb3 Rd5 39.
Bd6 Qa5+ 40. Kf1 Qd2 41. Ne2 g4 42. fxg4 Qh6 43. Qf3 Qd2 44. Kg2 Ka6 45. a4 Rd3 46. Qa8# 1-0

[Event "*** SCC Grand Prix: Titled Tuesday Blitz"]
[Site "Chess.com"]
[Date "2020.08.11"]
[Round "3"]
[White "Ave_Mariia"]
[Black "korbul"]
[Result "1-0"]
[WhiteElo "2388"]
[BlackElo "2574"]
[TimeControl "180+1"]
[EndTime "10:30:01 PDT"]
[Termination "Ave_Mariia won by checkmate"]

1. d4 Nf6 2. c4 e6 3. g3 d5 4. Nf3 Be7 5. Bg2 O-O 6. O-O c6 7. Qc2 Nbd7 8. Nbd2 b6 9. e4 Bb7 10. e5 Ne8 11. cxd5 exd5 12. Re1 Nc7 13. Nf1 Ne6 14. Ne3 Re8 15. Nf5 Bf8 16. h4 c5 17.
Bg5 Qc7 18. Rac1 Rac8 19. Qa4 a6 20. b4 Bc6 21. Qxa6 Ra8 22. Qe2 Ra3 23. b5 Bb7 24. Rc2 Qb8 25. Bc1 Ra4 26. Ng5 g6 27. Nxe6 Rxe6 28.
Qg4 Nxe5 29. Qg5 Nf3+ 30. Bxf3 Rxe1+ 31. Kg2 Re6 32. Bf4 Qe8 33. h5 f6 34. Qg4 g5 35. h6 Kh8 36. Rb2 gxf4 37. Ng7 Re7 38. Nxe8 Rxe8 39. Qf5 Bc8 40. Qxf6+ Kg8 41. Bxd5+ Be6 42.
Bxe6+ Rxe6 43. Qxe6+ Kh8 44. Qf6+ Kg8 45. Re2 Rxd4 46.
Re8 f3+ 47. Kxf3 Rd8 48. Qxf8# 1-0